 Seeded DCSS version 0.30-a0-219-gf2db51d15e (webtiles) character file.

Game seed: 3745683945629834 (custom seed)

2 shadowstone the Shield-Bearer (level 1, -1/14 HPs)
             Began as a Gargoyle Fighter on Oct 7, 2022.
             Frozen to death by an endoplasm (2 damage)
             ... on level 1 of the Dungeon.
             The game lasted 00:00:18 (28 turns).

shadowstone the Shield-Bearer (Gargoyle Fighter)      Turns: 28, Time: 00:00:19

Health: -1/14      AC:  9    Str: 19    XL:     1   Next: 30%
Magic:  1/1        EV:  9    Int:  8    God:
Gold:   0          SH:  4    Dex:  9    Spells: 0/0 levels left

rFire   . . .      SeeInvis .    a - +0 flail
rCold   . . .      Faith    .    c - +0 buckler
rNeg    + . .      Spirit   .    b - +0 scale mail
rPois   ∞          Reflect  .    (no helmet)
rElec   +          Harm     .    (no cloak)
rCorr   .          Rampage  .    (no gloves)
Will    .....                    (no boots)
Stlth   ..........               (no amulet)
HPRegen 0.22/turn                (no ring)
MPRegen 0.07/turn                (no ring)

@: no status effects
A: sickness immunity, AC +2, negative energy resistance 1, electricity
resistance, torment resistance 1, petrification resistance
a: no special abilities


You were on level 1 of the Dungeon.
You visited 1 branch of the dungeon, and saw 1 of its levels.

Inventory:

Hand Weapons
 a - a +0 flail (weapon)
Armour
 b - a +0 scale mail (worn)
 c - a +0 buckler (worn)
Potions
 d - a potion of might


   Skills:
 + Level 3.2 Fighting
 + Level 2.0 Maces & Flails
 + Level 3.3 Armour
 + Level 3.4 Shields


You couldn't memorise any spells.
You didn't know any spells.
Your spell library was empty.

Dungeon Overview and Level Annotations

Branches:
Dungeon (1/15)

Altars:


Innate Abilities, Weirdness & Mutations

You are immune to sickness and miasma.
Your stone body is resilient. (AC +2)
You are immune to poison.
You resist negative energy. (rN+)
You are resistant to electric shocks. (rElec)
You are resistant to unholy torment.
You are immune to petrification.


Message History

The quokka barely misses you. You block the kobold's attack.
The giant cockroach bites you.
You hit the giant cockroach.
The giant cockroach is moderately wounded.
The quokka bites you but does no damage.
The giant cockroach bites you but does no damage.
The kobold hits you but does no damage.
The quokka bites you but does no damage.
You sock the giant cockroach!
You kill the giant cockroach!
The bat hits you but does no damage. The quokka barely misses you.
The kobold hits you but does no damage.
The quokka bites you but does no damage.
The endoplasm freezes you.
You are frozen.
The kobold hits you but does no damage.
You hit the endoplasm.
The endoplasm is severely wounded.
The quokka bites you but does no damage.
The endoplasm closely misses you. The kobold closely misses you.
You completely miss the endoplasm.
The endoplasm is heavily wounded.
The quokka bites you but does no damage.
The endoplasm hits you but does no damage.
The kobold barely misses you. The quokka bites you.
You barely miss the endoplasm.
The endoplasm is heavily wounded.
The endoplasm freezes you.
You are frozen.
* * * LOW HITPOINT WARNING * * *
You block the kobold's attack.
The quokka bites you but does no damage.
You hit the endoplasm but do no damage.
The endoplasm is heavily wounded.
You block the quokka's attack. The endoplasm closely misses you.
The kobold hits you with a +0 short sword.
* * * LOW HITPOINT WARNING * * *
The quokka bites you but does no damage.
The endoplasm freezes you.
You are frozen.
You die...

.. .# ## .# #..
.# #...## .#
......###.#####.
...>..r.K.......
.....bJ@...#
......##.....#
..... #...#....
...$ ...## ###
... #..# .. #..#
# #..# ....


You could see an endoplasm, a quokka, a bat and a kobold.

Vanquished Creatures
  A giant cockroach (D:1)
  A rat (D:1)
2 creatures vanquished.

Notes
Turn   | Place    | Note
-------+----------+-------------------------------------------
     0 | D:1      | shadowstone the Gargoyle Fighter began the quest for the
                  | Orb.
     0 | D:1      | Reached XP level 1. HP: 14/14 MP: 1/1
    28 | D:1      | Frozen to death by an endoplasm

Illustrated notes

Levels and vault maps discovered:
D:1:      roderic_dead_forest, layout_loops_ring

Action                   || total
-------------------------++-------
Melee: Flail             ||    10
Armor: Scale mail        ||    19
Dodge: Dodged            ||    10
Block: Buckler           ||     4

Table legend: (Time is in decaauts)
 A = Elapsed time spent in this place.
 B = Non-inter-level travel time spent in this place.
 C = Inter-level travel time spent in this place.
 D = Time resting spent in this place.
 E = Time spent auto-exploring this place.
 F = Levels seen in this place.
 G = Mean time per level.
                   A        B        C        D        E       F      G
               +--------+--------+--------+--------+--------+-----+--------+
         Total |     30 |     30 |      0 |      0 |      0 |   1 |   30.0 |
       Dungeon |     30 |     30 |      0 |      0 |      0 |   1 |   30.0 |
               +--------+--------+--------+--------+--------+-----+--------+

Top non-repeatable levels by time:
     D:1: 30 daAuts
